Map: Retraite de l’acolyte EC

Players

zidar

  • Race: Zerg Zerg
  • Spawn Location: 1:00

IA (très facile) - Winner!

  • Race: Protoss Protoss
  • Spawn Location: 7:00

VOD

Have the link to the VOD?

Description

Time

  • Played on: July 23, 2017, 11:06 a.m.
  • Length: 24:38
Show
View Real Time Build Order
Export as new Build Order

zidar Zerg 

Build Orders: Pool First 

Get SALT Encoding   

  12  0:28  Drone x2  
  14  0:35  Spawning Pool  
  13  0:36  Overlord  
  13  1:07  Overlord  
  13  1:22  Hatchery, Zergling x4  
  14  1:39  Extractor  
  13  1:44  Zergling x2  
  13  1:45  Roach Warren  
  13  2:07  Zergling x6  
  16  2:21  Queen  
  18  2:48  Queen  
  20  2:56  Zergling x2  
  20  3:26  Metabolic Boost  
  20  3:28  Drone  
  21  4:02  Drone x4  
  20  4:42  Zergling x2  
  20  4:43  Zergling x12  
  25  5:06  Extractor  
  24  5:07  Drone x5  
  26  6:01  Drone  
  26  6:02  Drone x6  
  30  6:28  Drone x3  
  30  6:29  Drone x3  
  30  6:32  Overlord  
  36  6:33  Overlord x2  
  36  7:14  Queen  
  38  7:30  Drone x2  
  38  7:33  Lair  
  40  7:43  Roach  
  40  7:44  Roach x5  
  49  8:30  Ravager  
  50  8:48  Hatchery  
  49  9:23  Hydralisk Den  
  48  9:29  Roach  
  50  9:32  Overlord x11  
  50  10:15  Queen  
  52  10:53  Hydralisk  
  52  10:54  Hydralisk  
  52  10:55  Hydralisk x14  
  84  12:37  Hatchery  
  83  12:42  Drone  
  83  12:43  Drone  
  85  12:59  Ravager  
  86  14:22  Roach x2  
  86  14:23  Roach x14  
  118  14:34  Drone x13  
  131  15:14  Extractor  
  131  15:17  Extractor  
  129  15:40  Ravager  
  125  17:46  Ravager  
  123  20:39  Drone x6  
  129  20:50  Hydralisk  
  129  20:51  Hydralisk x10  
  151  20:59  Overlord x18  
  151  21:34  Hydralisk x3  
  151  21:35  Hydralisk x21  
  199  21:41  Overseer  
  173  22:59  Ravager x12  
  173  23:05  Roach x7  
Show
View Real Time Build Order
Export as new Build Order

IA (très facile) Protoss - Winner!

Build Orders:  

Get SALT Encoding   

  12  0:01  Probe (Chrono Boost)  
  13  0:11  Probe (Chrono Boost)  
  14  0:20  Pylon  
  14  0:36  Assimilator  
  14  0:43  Gateway  
  14  0:46  Pylon  
  14  1:13  Assimilator  
  14  1:27  Probe (Chrono Boost)  
  14  1:30  Zealot  
  17  1:33  Cybernetics Core  
  17  1:38  Probe (Chrono Boost)  
  18  1:50  Probe (Chrono Boost)  
  19  1:58  Warp Gate  
  19  2:00  Probe (Chrono Boost)  
  20  2:12  Probe (Chrono Boost)  
  22  2:23  Probe (Chrono Boost)  
  22  2:42  Stalker  
  24  4:13  Zealot  
  24  4:18  Pylon  
  20  4:42  Probe (Chrono Boost)  
  20  4:43  Stalker  
  19  4:53  Probe (Chrono Boost)  
  20  5:05  Probe (Chrono Boost)  
  21  5:11  Zealot  
  23  5:16  Probe (Chrono Boost)  
  24  5:40  Zealot  
  22  5:56  Probe (Chrono Boost)  
  10  6:07  Probe (Chrono Boost)  
  10  6:09  Stalker  
  5  6:18  Probe (Chrono Boost)  
  5  6:29  Probe (Chrono Boost)  
  6  6:37  Zealot  
  8  6:41  Probe (Chrono Boost)  
  9  6:52  Probe (Chrono Boost)  
  10  7:04  Probe (Chrono Boost)  
  10  7:06  Stalker  
  13  7:14  Probe (Chrono Boost)  
  14  7:16  Robotics Facility  
  14  7:21  Nexus  
  14  7:25  Probe (Chrono Boost)  
  15  7:35  Probe (Chrono Boost)  
  16  7:46  Probe (Chrono Boost)  
  17  7:57  Probe (Chrono Boost)  
  18  8:01  Adept  
  18  8:03  Observer  
  21  8:08  Probe (Chrono Boost)  
  17  8:20  Probe (Chrono Boost)  
  17  8:24  Observer  
  18  8:31  Probe (Chrono Boost)  
  18  8:33  Probe (Chrono Boost)  
  21  8:42  Probe (Chrono Boost)  
  21  8:48  Probe (Chrono Boost)  
  23  8:56  Probe (Chrono Boost)  
  23  8:57  Zealot  
  26  9:03  Probe (Chrono Boost)  
  27  9:10  Probe (Chrono Boost)  
  28  9:17  Probe (Chrono Boost)  
  29  9:24  Probe (Chrono Boost)  
  30  9:32  Probe (Chrono Boost)  
  31  9:39  Probe (Chrono Boost)  
  31  9:45  Probe (Chrono Boost)  
  33  9:53  Probe (Chrono Boost), Stalker  
  33  9:59  Probe (Chrono Boost)  
  37  10:07  Probe (Chrono Boost)  
  38  10:14  Probe (Chrono Boost)  
  39  10:21  Probe (Chrono Boost)  
  40  10:28  Probe (Chrono Boost)  
  40  10:36  Probe (Chrono Boost)  
  41  10:43  Probe (Chrono Boost)  
  42  10:50  Probe (Chrono Boost)  
  43  10:57  Probe (Chrono Boost), Assimilator  
  44  11:05  Probe (Chrono Boost)  
  44  11:10  Assimilator  
  45  11:12  Probe (Chrono Boost)  
  46  11:19  Probe (Chrono Boost)  
  46  11:23  Pylon  
  47  11:26  Probe (Chrono Boost)  
  48  12:43  Warp Prism  
  48  12:46  Zealot  
  48  12:47  Gateway  
  48  12:50  Robotics Bay  
  52  12:55  Pylon  
  52  12:56  Stargate  
  44  13:14  Zealot  
  46  13:20  Pylon  
  44  13:32  Probe (Chrono Boost)  
  38  13:44  Zealot, Pylon  
  40  13:57  Gateway  
  41  14:03  Probe (Chrono Boost)  
  40  14:10  Probe (Chrono Boost)  
  40  14:11  Pylon  
  40  14:12  Gateway  
  40  14:17  Probe (Chrono Boost)  
  40  14:30  Probe (Chrono Boost)  
  35  14:33  Pylon  
  20  14:44  Probe (Chrono Boost)  
  17  14:46  Nexus  
  15  14:55  Probe (Chrono Boost)  
  15  15:01  Cybernetics Core  
  15  15:06  Probe (Chrono Boost)  
  16  15:07  Zealot  
  16  15:10  Gateway  
  17  15:17  Probe (Chrono Boost)  
  18  15:28  Probe (Chrono Boost)  
  18  15:29  Nexus  
  18  15:35  Zealot  
  18  15:39  Stargate  
  18  15:40  Probe (Chrono Boost)  
  18  15:41  Robotics Facility  
  18  15:51  Probe (Chrono Boost)  
  19  16:02  Probe (Chrono Boost)  
  19  16:06  Zealot  
  17  16:13  Nexus  
  17  16:14  Probe (Chrono Boost)  
  18  16:20  Robotics Facility  
  18  16:23  Pylon  
  18  16:25  Probe (Chrono Boost), Pylon  
  19  16:29  Gateway  
  18  16:51  Gateway  
  18  17:00  Probe (Chrono Boost)  
  13  17:05  Pylon  
  13  17:07  Probe (Chrono Boost)  
  12  17:10  Nexus  
  12  17:14  Probe (Chrono Boost)  
  13  17:22  Probe (Chrono Boost)  
  7  17:29  Probe (Chrono Boost)  
  5  17:36  Probe (Chrono Boost)  
  5  17:44  Probe (Chrono Boost)  
  5  17:45  Zealot  
  5  17:46  Probe (Chrono Boost)  
  8  17:55  Probe (Chrono Boost)  
  8  17:58  Probe (Chrono Boost)  
  10  17:59  Gateway  
  10  18:02  Cybernetics Core  
  10  18:11  Probe (Chrono Boost)  
  9  18:16  Zealot  
  9  18:18  Probe (Chrono Boost)  
  10  18:26  Probe (Chrono Boost)  
  10  18:30  Probe (Chrono Boost)  
  9  18:35  Zealot  
  9  18:37  Probe (Chrono Boost)  
  12  18:48  Robotics Facility  
  12  19:03  Stalker  
  12  19:08  Probe (Chrono Boost)  
  15  19:14  Probe (Chrono Boost)  
  16  19:24  Gateway, Probe (Chrono Boost)  
  9  19:32  Stalker  
  9  19:38  Pylon  
  8  19:59  Pylon  
  8  20:15  Pylon  
  8  20:29  Probe (Chrono Boost)  
  8  20:48  Pylon  
  8  21:10  Probe (Chrono Boost)  
  9  21:18  Probe (Chrono Boost)  
  10  21:25  Probe (Chrono Boost)  
  10  22:05  Stalker  
  10  22:06  Probe (Chrono Boost)  
  13  22:12  Probe (Chrono Boost)  
  13  22:20  Probe (Chrono Boost)  
  14  22:33  Zealot  
  16  22:57  Probe (Chrono Boost)  
  17  23:04  Probe (Chrono Boost)  
  18  23:06  Gateway  
  18  23:11  Probe (Chrono Boost)  
  13  24:08  Pylon  
  13  24:14  Nexus  
Tags
 
Add a new tag
Caveats
  • Supply blocks, unpowered buildings, or Contaminate may cause inaccurate times.
  • Supply counts are checked every 10 seconds.